AoeStats
← kkkg

Arena

509490342Analyzed
1v1 RM · 5d ago on Sep 27, 2026· 43m 13s· 2 players
Game mode
Random Map
Map size
Tiny (2 player)
Population
200
Speed
Normal
Resources
Standard
Victory
Conquest
Starting age
Dark Age
Ending age
Imperial Age
RankedLock teamsTeams togetherTeam positionsShared explorationLock speedFull tech treeHidden civsTurbo modeCheats
Victory
Defeat
🇨🇳 Burgundians · China
864
+15
🇺🇸 Mongols · United States
851
-15
stayfastJD
10:46 Feudal Age
11:49 Double-Bit Axe
14:35 Castle Age
13:48 Horse Collar
17:16 Bow Saw
23:51 Gold Mining
24:23 Fletching
24:49 Padded Archer Armor
26:18 Bodkin Arrow
32:44 Imperial Age
30:00 Loom
33:48 Wheelbarrow
34:18 Ballistics
33:49 Capped Ram
34:52 Heavy Plow
37:09 Scale Barding Armor
37:06 Bracer
37:17 Forging
38:39 Chemistry
38:02 Husbandry
38:58 Bloodlines
39:23 Drill
39:31 Drill
39:35 Conscription
39:45 Hand Cart
39:54 Conscription
39:16 Elite Steppe Lancer
41:46 Chain Barding Armor
42:03 Iron Casting
kkkg
3:32 Double-Bit Axe
8:57 Horse Collar
12:26 Feudal Age
13:59 Bow Saw
14:03 Heavy Plow
14:02 Gold Mining
16:22 Castle Age
15:44 Forging
16:35 Scale Barding Armor
16:46 Light Cavalry
22:11 Fervor
25:10 Wheelbarrow
25:35 Stone Mining
26:21 Gold Shaft Mining
29:22 Imperial Age
27:17 Hand Cart
27:00 Town Watch
27:01 Loom
28:08 Stone Shaft Mining
28:38 Two-Man Saw
28:44 Fletching
28:54 Padded Archer Armor
29:31 Iron Casting
29:17 Chain Barding Armor
29:12 Town Patrol
29:11 Treadmill Crane
29:53 Ballistics
30:12 Bodkin Arrow
30:33 Leather Archer Armor
30:54 Elite Skirmisher
33:14 Conscription
32:19 Elite Coustillier
33:05 Burgundian Vineyards
33:58 Bracer
34:59 Blast Furnace
34:35 Plate Barding Armor
34:35 Husbandry
34:13 Cavalier
36:45 Paladin
38:26 Hoardings
Connection lost

Rejoining the realm…

Still unreachable

The connection could not be restored.

Session expired

The server has moved on; the page needs a fresh start.